 Dungeon Crawl Stone Soup version 0.29.1-1-gd02db69 (webtiles) character file.

Game seed: 7137882514073289212

59 Kel the Chopper (level 4, -5/28 HPs)
             Began as a Gargoyle Berserker on Mar 25, 2023.
             Was a Believer of Trog.
             Slain by an ice beast (6 damage)
             ... on level 3 of the Dungeon.
             The game lasted 00:03:09 (2036 turns).

Kel the Chopper (Gargoyle Berserker)                Turns: 2036, Time: 00:03:10

Health: -5/28      AC:  9    Str: 22    XL:     4   Next: 3%
Magic:  4/4        EV: 11    Int:  8    God:    Trog [**....]
Gold:   105        SH:  0    Dex:  9    Spells: 3/3 levels left

rFire   . . .      SeeInvis .   a - +0 hand axe
rCold   . . .      Faith    .   (no shield)
rNeg    + . .      Spirit   .   j - +0 ring mail
rPois   ∞          Reflect  .   (no helmet)
rElec   +          Harm     .   (no cloak)
rCorr   .          Rampage  .   (no gloves)
Will    .....                   (no boots)
Stlth   ..........              (no amulet)
HPRegen 0.09/turn               (no ring)
MPRegen 0.09/turn               (no ring)

@: no status effects
A: sickness immunity, AC +3, negative energy resistance 1, electricity
resistance, torment resistance 1, petrification resistance
a: Renounce Religion, Berserk, Trog's Hand


You were on level 3 of the Dungeon.
You worshipped Trog.
Trog was pleased with you.
You visited 1 branch of the dungeon, and saw 3 of its levels.

You collected 105 gold pieces.

Inventory:

Hand Weapons
 a - a +0 hand axe (weapon)
Armour
 j - a +0 ring mail (worn)
Scrolls
 e - 3 scrolls of identify {unknown}
 g - 3 scrolls of teleportation {unknown}
 h - a scroll of fog {unknown}
 k - a scroll of poison {unknown}
Potions
 b - 2 potions of flight {unknown}
 c - 2 potions of attraction {unknown}
 d - 3 potions of mutation {unknown}
 f - a potion of cancellation {unknown}
 i - a potion of brilliance {unknown}
 l - a potion of degeneration {unknown}


   Skills:
 - Level 3.2 Fighting
 + Level 4.3 Axes
 - Level 2.1 Armour
 - Level 1.5 Dodging


You had 3 spell levels left.
You didn't know any spells.
Your spell library was empty.

Dungeon Overview and Level Annotations

Branches:
Dungeon (3/15)

Altars:
Vehumet


Innate Abilities, Weirdness & Mutations

You are immune to sickness and miasma.
Your stone body is resilient. (AC +3)
You are immune to poison.
You resist negative energy. (rN+)
You are resistant to electric shocks. (rElec)
You are resistant to unholy torment.
You are immune to petrification.


Message History

A rat comes into view.
The frilled lizard barely misses you.
You closely miss the frilled lizard.
The frilled lizard bites you but does no damage.
You hit the frilled lizard but do no damage.
The frilled lizard misses you.
You hit the frilled lizard.
The frilled lizard is heavily wounded.
The frilled lizard bites you but does no damage.
You miss the frilled lizard.
The frilled lizard is heavily wounded.
The frilled lizard bites you.
You hit the frilled lizard.
You kill the frilled lizard!
Trog accepts your kill.
You hit the rat.
You kill the rat!
Trog accepts your kill.
You closely miss the ice beast.
The ice beast hits you but does no damage.
You hit the ice beast.
The ice beast is lightly wounded.
The ice beast hits you. The ice beast freezes you!
You hit the ice beast.
The ice beast is moderately wounded.
The ice beast hits you but does no damage.
The ice beast completely misses you.
You closely miss the ice beast.
The ice beast is moderately wounded.
The ice beast hits you. The ice beast freezes you!
* * * LOW HITPOINT WARNING * * *
You barely miss the ice beast.
The ice beast is moderately wounded.
The ice beast hits you but does no damage.
You barely miss the ice beast.
The ice beast is moderately wounded.
The ice beast hits you.
* * * LOW HITPOINT WARNING * * *
The ice beast freezes you.
You die...

#.......#
♣.≈.≈≈≈.≈
#.......#
♣.§.....≈
#.......#
##♣..§≈≈≈≈.
######.##
#..♣♣♣♣♣♣♣♣
#.# #.## .#
#.# #.#
####.####.##
#.....Y@...#
.....#####.#
... .# . .#
.# .# .#


You could see an ice beast.

Vanquished Creatures
  An adder (D:2)
  2 worms (D:2)
  A dart slug (D:1)
  A ball python (D:1)
  2 endoplasms (D:2)
  2 giant cockroaches (D:1)
  7 goblins
  2 hobgoblins (D:1)
  6 kobolds
  6 bats
  3 frilled lizards
  9 rats
42 creatures vanquished.

Notes
Turn   | Place    | Note
-------+----------+-------------------------------------------
     0 | D:1      | Kel the Gargoyle Berserker began the quest for the Orb.
     0 | D:1      | Reached XP level 1. HP: 14/14 MP: 1/1
   111 | D:1      | Reached skill level 3 in Axes
   113 | D:1      | Reached XP level 2. HP: 11/19 MP: 2/2
  1115 | D:2      | Reached XP level 3. HP: 23/23 MP: 3/3
  1327 | D:2      | Reached ** piety under Trog
  1336 | D:2      | Reached skill level 4 in Axes
  2006 | D:3      | Found a radiant altar of Vehumet.
  2010 | D:3      | Reached XP level 4. HP: 28/28 MP: 4/4
  2022 | D:3      | Noticed an ice beast
  2036 | D:3      | HP: 1/28 [ice beast (1)]
  2036 | D:3      | Slain by an ice beast

Illustrated notes

Levels and vault maps discovered:
D:1:      tarquinn_simple_flora_water_f, layout_basic
D:2:      layout_rooms, chequers_serial_rivers_micro_a,
          kennysheep_generic_room_2
D:3:      layout_loops_ring, fedhas_altar_1, ashenzari_altar_1,
          mainiacjoe_overflow_alcove_4, pdpol_wu_jian_five_deadly_venoms,
          mainiacjoe_overflow_paths, chequers_ecumenical_altar_twisty,
          chequers_arboretum, minmay_vboxes, uniq_natasha, uniq_jessica

Skill      XL: |  1  2  3 |
---------------+----------+-----
Axes           | 3 4 |  4.3
Fighting       | |  3.2
Armour         | |  2.1
Dodging        | |  1.5

Action                   |  1- 3 |  4- 6 || total
-------------------------+-------+-------++-------
Melee: Hand axe          |   105 |    12 ||   117
       Punch             |     2 |       ||     2
Armor: Animal skin       |    18 |       ||    18
       Ring mail         |     8 |     5 ||    13
       Leather armour    |     7 |       ||     7
Dodge: Dodged            |    83 |     3 ||    86
